 Dungeon Crawl Stone Soup version 0.25-a0-62-g88673ef095 (webtiles) character file.

Game seed: 16589492781045051322, levelgen mode: deterministic

4601 babulya the Spear-Bearer (level 10, -7/74 HPs)
             Began as a Minotaur Gladiator on Oct 31, 2019.
             Was an Elder of Okawaru.
             Splashed by a jelly's acid (9 damage)
             ... on level 8 of the Dungeon.
             The game lasted 00:57:01 (7845 turns).

babulya the Spear-Bearer (Minotaur Gladiator)       Turns: 7845, Time: 00:57:02

Health: -7/74      AC: -7    Str: 21    XL:     10   Next: 19%
Magic:  9/9        EV: 13    Int:  5    God:    Okawaru [****..]
Gold:   256        SH:  0    Dex: 17    Spells: 9/9 levels left

rFire    . . .     SeeInvis +   l - +5 spear
rCold    . . .     Gourm    .   (no shield)
rNeg     . . .     Faith    .   h - +0 scale mail
rPois    .         Spirit   .   c - +0 hat
rElec    .         Reflect  .   (no cloak)
rCorr    .         Harm     .   (no gloves)
MR       .....                  (no boots)
Stlth    +.........             (no amulet)
HPRegen  0.22/turn              a - ring of see invisible
MPRegen  0.11/turn              y - +4 ring of dexterity

@: corroded
A: retaliatory headbutt, horns 2
a: Heroism, Renounce Religion


You were on level 8 of the Dungeon.
You worshipped Okawaru.
Okawaru was greatly pleased with you.
You were near starving.

You visited 2 branches of the dungeon, and saw 10 of its levels.

You collected 309 gold pieces.
You spent 53 gold pieces at shops.

Inventory:

Hand Weapons
 l - a +5 spear (weapon)
Missiles
 d - 3 throwing nets (quivered)
 e - 106 stones
Armour
 c - a +0 hat (worn)
 h - a +0 scale mail (worn)
 q - a +3 ring mail of cold resistance
Jewellery
 a - a ring of see invisible (left hand)
 m - a +3 ring of dexterity
 p - an uncursed ring of teleportation
 v - an uncursed ring of protection from cold
 y - a +4 ring of dexterity (right hand)
 G - an uncursed ring of protection from fire {unknown}
Wands
 o - a wand of polymorph (8)
 r - a wand of flame (10)
 F - a wand of clouds (6)
Scrolls
 g - 2 scrolls of fog
 j - 4 scrolls of remove curse
 u - 3 scrolls of amnesia
 x - 8 scrolls of teleportation
 C - a scroll of enchant weapon
 D - 2 scrolls of identify
 E - a scroll of noise {unknown}
Potions
 b - a potion of berserk rage {unknown}
 i - a potion of flight {unknown}
 k - a potion of lignification {unknown}
 n - 2 potions of haste
 s - 2 potions of agility
 t - 2 potions of brilliance
 w - a potion of degeneration {unknown}
 z - 3 potions of magic
 A - a potion of might
 B - 3 potions of heal wounds {unknown}
Comestibles
 f - 18 rations


   Skills:
 - Level 2.4 Fighting
 - Level 13.0 Polearms
 + Level 2.2 Throwing
 * Level 10.8 Armour
 + Level 5.4 Dodging
 + Level 1.6 Stealth


You had 9 spell levels left.
You didn't know any spells.
Your spell library was empty.

Dungeon Overview and Level Annotations

Branches:
Dungeon (9/15)             Temple (1/1) D:4
   Lair: D:8-11         Orc: D:9-12

Altars:
Ashenzari
Cheibriados
Dithmenos
Elyvilon
Fedhas
Gozag
Hepliaklqana
Kikubaaqudgha
Makhleb
Nemelex Xobeh
Okawaru
Qazlal
Ru
Sif Muna
Trog
Uskayaw
Vehumet
Wu Jian
Xom
Yredelemnul
Zin
The Shining One

Shops:
D:5 (*!   D:6 *

Annotations:
D:5 2 transporters, anet's ghost, novice DEWz


Innate Abilities, Weirdness & Mutations

You reflexively headbutt those who attack you in melee.
You have a pair of horns on your head.


Message History

The hungry ghost is almost destroyed.
The crimson imp closely misses you. The jelly barely misses you.
You hit the hungry ghost.
The hungry ghost is almost destroyed.
The hungry ghost misses you.
You hit the hungry ghost.
You destroy the hungry ghost!
Okawaru accepts your kill.
Training target 13.0 for Polearms reached!
Your Polearms skill increases to level 13!
The crimson imp blinks!
The jelly hits you.
* * * LOW HITPOINT WARNING * * *
You are splashed with acid!
* * * LOW HITPOINT WARNING * * *
You completely miss the jelly.
The jelly is lightly wounded.
The jelly hits you.
* * * LOW HITPOINT WARNING * * *
The acid corrodes you!
You are splashed with acid!
You die...

#.########.# ##### #######
#.......##.#
######.....#####.......##.#
#....'.....'...........##.#
###.##.....####........##.#
#.##...[)...'.........#.### ###
#.##...[÷.###......##'#...###..
#.#######.....5#####....#.#....
###.#.# #....>@'...'....')'....
#.....#####W...§J#####....#.#....
#####.#..........'........+.+....
#.#.####.....####...?.#.#....
###.#.# #.....# #.#...#.#.#'#
#.....########## #.#...#.#.#.#
#.#.#....##########.#.........<
##.#.#....+..........#.#.#.#(#.#
#..#.#....############.#^..#....


You could see a phantom, a jelly and a crimson imp.

Vanquished Creatures
  Pikel (D:5)
  A gargoyle (D:8)
  2 hippogriffs (D:7)
  2 hungry ghosts
  Menkaure (D:7)
  Duvessa (D:7)
  An ice beast (D:6)
  2 slaves (D:4)
  2 orc warriors
  2 sky beasts
  A black bear (D:8)
  An eye of draining (D:9)
  3 phantoms
  3 ogres
  Blork the orc (D:5)
  3 bullfrogs
  A gnoll sergeant (D:7)
  Dowan (D:7)
  A scorpion (D:8)
  3 howler monkeys (D:8)
  4 vampire bats (D:4)
  A crimson imp (D:8)
  A bullfrog zombie (D:8)
  A jelly (D:9)
  4 orc priests
  2 bullfrog skeletons
  Natasha (twice) (D:2)
  11 orc wizards
  8 worker ants
  A killer bee zombie (D:6)
  A hound zombie (D:5)
  A hound skeleton (D:6)
  Robin (D:2)
  3 gnolls (D:7)
  12 adders
  A river rat (D:3)
  A shadow imp (D:7)
  4 oozes
  An adder skeleton (D:8)
  2 worms
  A dart slug (D:1)
  7 leopard geckos
  39 orcs
  3 giant cockroaches (D:3)
  18 goblins
  6 hobgoblins
  2 quokkas
  2 ball pythons
  13 bats
  6 frilled lizards
  3 kobolds (D:1)
  A quokka skeleton (D:7)
  13 rats
209 creatures vanquished.

Notes
Turn   | Place    | Note
-------+----------+-------------------------------------------
     0 | D:1      | babulya the Minotaur Gladiator began the quest for the Orb.
     0 | D:1      | Reached XP level 1. HP: 18/18 MP: 0/0
    68 | D:1      | Reached skill level 4 in Polearms
    68 | D:1      | Reached XP level 2. HP: 15/25 MP: 1/1
    78 | D:1      | Reached skill level 1 in Armour
   328 | D:1      | Reached XP level 3. HP: 30/30 MP: 2/2
   808 | D:2      | Noticed Robin
   819 | D:2      | Reached skill level 5 in Polearms
   839 | D:2      | Killed Robin
   839 | D:2      | Reached XP level 4. HP: 15/37 MP: 3/3
  1636 | D:2      | Noticed Natasha
  1647 | D:2      | Killed Natasha
  1877 | D:2      | Noticed Natasha
  1880 | D:2      | Killed Natasha
  1880 | D:2      | Reached XP level 5. HP: 41/42 MP: 4/4
  2059 | D:3      | Reached skill level 6 in Polearms
  2186 | D:3      | Reached XP level 6. HP: 47/50 MP: 5/5
  2325 | D:3      | Found a snail-covered altar of Cheibriados.
  2746 | D:3      | Reached skill level 7 in Polearms
  3068 | D:4      | Found a burning altar of Makhleb.
  3079 | D:4      | Reached XP level 7. HP: 35/56 MP: 6/6
  3095 | D:4      | Reached skill level 5 in Armour
  3177 | D:4      | Found a staircase to the Ecumenical Temple.
  3184 | Temple   | Entered the Ecumenical Temple
  3412 | Temple   | Became a worshipper of Warmaster Okawaru
  3455 | D:4      | Reached skill level 8 in Polearms
  3857 | D:5      | Entered Level 5 of the Dungeon
  3864 | D:5      | Reached skill level 1 in Stealth
  3904 | D:5      | Found a transporter.
  3904 | D:5      | Noticed anet's ghost (novice DEWz)
  3917 | D:5      | Found a transporter.
  3934 | D:5      | Noticed a hungry ghost
  3943 | D:5      | Killed a hungry ghost
  3943 | D:5      | Reached * piety under Okawaru
  3943 | D:5      | Reached skill level 9 in Polearms
  3943 | D:5      | Reached XP level 8. HP: 52/62 MP: 7/7
  3947 | D:5      | Noticed Pikel
  4859 | D:6      | Found a shimmering blue altar of Sif Muna.
  4861 | D:6      | Found a glowing silver altar of Zin.
  4866 | D:6      | Reached ** piety under Okawaru
  4894 | D:6      | Found Zesies's General Store.
  4980 | D:6      | Reached skill level 10 in Polearms
  5389 | D:5      | Killed Pikel
  5389 | D:5      | Reached *** piety under Okawaru
  5389 | D:5      | Reached skill level 5 in Dodging
  5389 | D:5      | Reached XP level 9. HP: 68/68 MP: 8/8
  5390 | D:5      | Found Dewos's Antique Weapon Boutique.
  5503 | D:5      | Found Ezaefewu's Assorted Antiques.
  5511 | D:5      | Bought a viscous inky potion for 25 gold pieces
  5511 | D:5      | Bought a scroll labeled REHUGA OVIOPH for 28 gold pieces
  5556 | D:5      | Found Jeej's Distillery.
  5631 | D:5      | Noticed Blork the orc
  5640 | D:5      | Killed Blork the orc
  5734 | D:7      | Noticed Duvessa
  5735 | D:7      | Noticed Dowan
  5745 | D:7      | Killed Duvessa
  5755 | D:7      | Killed Dowan
  5800 | D:7      | Reached skill level 11 in Polearms
  5943 | D:7      | Reached **** piety under Okawaru
  6006 | D:7      | Reached skill level 12 in Polearms
  6008 | D:7      | Reached skill level 10 in Armour
  6107 | D:7      | Noticed Menkaure
  6555 | D:7      | Killed Menkaure
  6865 | D:8      | Noticed a gargoyle
  6885 | D:8      | HP: 2/68 [gargoyle/+0 mace of protection (10)]
  6886 | D:8      | Killed a gargoyle
  6886 | D:8      | Reached XP level 10. HP: 2/74 MP: 9/9
  7843 | D:8      | Reached skill level 13 in Polearms
  7845 | D:8      | HP: 2/74 [jelly (2)]
  7845 | D:8      | Splashed by a jelly's acid

Levels and vault maps discovered:
D:1:      evilmike_arrival_hilbert_curve, layout_rooms
D:2:      layout_basic, uniq_robin, uniq_natasha
D:3:      minmay_skewed_foursquare, layout_basic, overflow_temple_1_default,
          gup_sewer_entry_spiral
D:4:      layout_basic, lightli_temple_of_fire, temple_doors_e,
          minmay_misc_feat_cross, roderic_batcave
D:5:      layout_rooms, serial_shops, nicolae_shop_statue_plus,
          nicolae_shop_behind_doors, nicolae_shop_stone, first_ration,
          gammafunk_ghost_smash, uniq_pikel, uniq_blork_the_orc
D:6:      layout_loops_cross, grunt_temple_overflow_open, serial_shops, shop
D:7:      layout_rooms, uniq_duvessa, uniq_menkaure
D:8:      layout_basic
D:9:      layout_cross, grunt_lair_entry_orc_guard_hut
Temple:   eino_narrow_crystal_temple

Skill      XL: |  1  2  3  4  5  6  7  8  9 10 |
---------------+-------------------------------+-----
Polearms       | 4 5 6 7 9 10 12 13 | 13.0
Armour         | 1 2 3 4 6 8 10 | 10.8
Dodging        | 4 5 |  5.4
Stealth        | 1 |  1.6
Fighting       | |  2.4
Throwing       | |  2.2

Action                   |  1- 3 |  4- 6 |  7- 9 | 10-12 || total
-------------------------+-------+-------+-------+-------++-------
Melee: Trident           |    77 |     3 |       |       ||    80
       Headbutt          |     8 |    27 |    62 |    17 ||   114
       Spear             |       |   166 |   331 |    79 ||   576
       Unarmed           |       |    12 |       |       ||    12
Invok: Heroism           |       |       |     1 |       ||     1
  Use: Scroll            |       |     7 |    10 |       ||    17
       Potion            |       |       |     4 |       ||     4
 Stab: Distracted        |       |       |       |     1 ||     1
  Eat: Ration            |       |     2 |     2 |     1 ||     5
       Chunk             |       |     2 |     3 |     1 ||     6
Armor: Leather armour    |     4 |       |       |       ||     4
       Scale mail        |     8 |    33 |    75 |     5 ||   121
Dodge: Dodged            |    46 |    72 |   154 |    40 ||   312

Table legend:
 A = Non-vault XP
 B = Vault XP
 C = Vault XP percentage of total XP
 D = Non-vault monster count
 E = Vault monster count
 F = Vault count percentage of total count
                 A         B        C        D         E       F
            +---------+---------+-------+---------+---------+-------
      Total |    5112 |    1462 |  22.2 |     169 |      38 |  18.4
            +---------+---------+-------+---------+---------+-------
        D:1 |      60 |       0 |   0.0 |      25 |       0 |   0.0
        D:2 |      99 |      75 |  43.1 |      17 |      14 |  45.2
        D:3 |     260 |      55 |  17.5 |      30 |      10 |  25.0
        D:4 |     497 |     226 |  31.3 |      26 |       9 |  25.7
        D:5 |     359 |     711 |  66.4 |       5 |       2 |  28.6
        D:6 |     759 |       0 |   0.0 |      12 |       0 |   0.0
        D:7 |    1294 |     395 |  23.4 |      26 |       3 |  10.3
        D:8 |    1612 |       0 |   0.0 |      25 |       0 |   0.0
        D:9 |     172 |       0 |   0.0 |       3 |       0 |   0.0
            +---------+---------+-------+---------+---------+-------
